 Dungeon Crawl Stone Soup version 0.30-a0-457-g4b7bca3bfa (webtiles) character file.

Game seed: 2155493652448500986

105844 ryw the Thaumaturge (level 16, -7/112 HPs)
             Began as a Gnoll Hedge Wizard on Dec 13, 2022.
             Was the Champion of Hepliaklqana.
             Mangled by a fenstrider witch (16 damage)
             ... on level 1 of the Swamp.
             The game lasted 01:22:22 (31320 turns).

ryw the Thaumaturge (Gnoll Hedge Wizard)           Turns: 31320, Time: 01:22:23

Health: -7/112     AC: 17    Str: 11    XL:     16   Next: 42%
Magic:  30/33      EV: 17    Int: 26    God:    Hepliaklqana [******]
Gold:   1266       SH:  5    Dex: 12    Spells: 23/41 levels left

rFire   . . .      SeeInvis .    B - +9 scythe (venom)
rCold   + . .      Faith    .    (shield currently unavailable)
rNeg    . . .      Spirit   .    V - +2 robe "Zapryj" {rElec Will+}
rPois   +          Reflect  +    L - +2 helmet of the Tanner {rC+}
rElec   +          Harm     .    X - +1 cloak {rPois}
rCorr   .          Rampage  .    r - +2 pair of gloves
Will    ++...                    j - +1 pair of boots
Stlth   +++++.....               G - amulet of reflection
HPRegen 0.38/turn                x - +6 ring of intelligence
MPRegen 0.23/turn                s - ring of wizardry

@: no status effects
A: reduced essence, fangs 1, strong nose, distributed training
a: Renounce Religion, Recall Ancestor, Ancestor Identity, Transference, Idealise


You were on level 1 of the Swamp.
You worshipped Hepliaklqana.
Hepliaklqana was exalted by your worship.
You visited 4 branches of the dungeon, and saw 22 of its levels.
You visited the Abyss 1 time.
You also visited: Gauntlet.

You collected 1266 gold pieces.

Inventory:

Hand Weapons
 B - a +9 scythe of venom (weapon)
 R - a +3 glaive of venom
Armour
 j - a +1 pair of boots (worn)
 r - a +2 pair of gloves (worn)
 L - the +2 helmet of the Tanner (worn) {rC+}
   (You found it on level 3 of the Lair of Beasts)

   rC:        It protects you from cold.
 V - the +2 robe "Zapryj" (worn) {rElec Will+}
   (You found it on level 15 of the Dungeon)

   rElec:     It insulates you from electricity.
   Will:      It increases your willpower.
 X - a +1 cloak of poison resistance (worn)
Jewellery
 q - an amulet of magic regeneration
 s - a ring of wizardry (right hand)
 x - a +6 ring of intelligence (left hand)
 C - a ring of positive energy
 G - an amulet of reflection (around neck)
Wands
 k - a wand of acid (15)
 z - a wand of flame (31)
 A - a wand of roots (49)
 I - a wand of polymorph (8)
 K - a wand of charming (8)
 T - a wand of digging (5)
Scrolls
 c - a scroll of enchant armour
 f - 4 scrolls of fog
 n - 7 scrolls of poison
 o - 8 scrolls of teleportation
 H - 4 scrolls of identify
 M - 3 scrolls of magic mapping
 N - a scroll of blinking
 P - a scroll of amnesia
Potions
 a - 2 potions of lignification
 b - 4 potions of flight
 d - 2 potions of magic
 e - 9 potions of curing
 g - a potion of brilliance
 h - 5 potions of heal wounds
 i - 6 potions of haste
 l - 5 potions of invisibility
 t - 3 potions of resistance
 v - 7 potions of might
 w - 8 potions of ambrosia
 E - 2 potions of berserk rage
 F - 2 potions of mutation
 J - 3 potions of cancellation
Miscellaneous
 m - a condenser vane
 U - a tin of tremorstones (2/2)


   Skills:
 + Level 11.2 Fighting
 + Level 11.2 Short Blades
 + Level 11.2 Long Blades
 + Level 11.2 Axes
 + Level 11.2 Maces & Flails
 + Level 11.2 Polearms
 + Level 11.2 Staves
 + Level 11.2 Ranged Weapons
 + Level 11.2 Throwing
 + Level 11.2 Armour
 + Level 12.1 Dodging
 + Level 12.0 Stealth
 + Level 11.2 Shields
 + Level 11.2 Unarmed Combat
 + Level 13.2 Spellcasting
 + Level 9.7 Conjurations
 + Level 9.5 Hexes
 + Level 9.7 Summonings
 + Level 9.5 Necromancy
 + Level 9.7 Translocations
 + Level 9.5 Transmutations
 + Level 9.5 Fire Magic
 + Level 9.5 Ice Magic
 + Level 9.5 Air Magic
 + Level 9.5 Earth Magic
 + Level 9.5 Poison Magic
 + Level 12.2 Invocations
 + Level 11.2 Evocations


You had 23 spell levels left.
You knew the following spells:

 Your Spells              Type           Power      Damage    Failure   Level
a - Animate Armour        Summ/Erth      100%       N/A       1%          4
b - Iron Shot             Conj/Erth      30%        9d6       4%          6
c - Mephitic Cloud        Conj/Pois/Air  61%        N/A       1%          3
d - Blink                 Tloc           100%       N/A       1%          2
e - Ignite Poison         Fire/Tmut/Pois 61%        N/A       1%          3

Your spell library contained the following spells:

 Spells                   Type           Power      Damage    Failure   Level
 Beastly Appendage        Tmut           100%       N/A       1%          1
 Magic Dart               Conj           100%       1d8       1%          1
 Sandblast                Erth           100%       2d20      1%          1
 Slow                     Hex            100%       N/A       1%          1
 Sting                    Tmut/Pois      100%       1d8       1%          1
 Call Imp                 Summ           62%        N/A       1%          2
 Cigotuvi's Dreadful Rot  Necr/Pois/Air  100%       N/A       1%          2
 Ensorcelled Hibernation  Hex/Ice        100%       N/A       1%          2
 Passwall                 Tmut/Erth      50%        N/A       1%          2
 Poisonous Vapours        Pois/Air       100%       N/A       1%          2
 Searing Ray              Conj           100%       2d8       1%          2
 Wereblood                Tmut           61%        N/A       1%          2
 Dazzling Flash           Conj/Hex       100%       N/A       1%          3
 Inner Flame              Hex/Fire       61%        N/A       1%          3
 Ozocubu's Armour         Ice            61%        N/A       1%          3
 Spider Form              Tmut/Pois      61%        N/A       1%          3
 Stone Arrow              Conj/Erth      100%       3d13      1%          3
 Swiftness                Air            61%        N/A       1%          3
 Cause Fear               Hex            30%        N/A       1%          4
 Flame Wave               Conj/Fire      61%        2d14      1%          4
 Fulminant Prism          Conj/Hex       30%        3d16      1%          4
 Iskenderun's Mystic Bla  Conj/Tloc      62%        2d13      1%          4
 Olgreb's Toxic Radiance  Pois           61%        N/A       1%          4
 Sticky Flame             Conj/Fire      61%        2d8       1%          4
 Alistair's Intoxication  Tmut/Pois      40%        N/A       1%          5
 Blade Hands              Tmut           30%        N/A       1%          5
 Borgnjor's Vile Clutch   Necr/Erth      30%        N/A       1%          5
 Eringya's Noxious Bog    Tmut/Pois      30%        N/A       4%          6
 Starburst                Conj/Fire      30%        6d9       4%          6
 Ozocubu's Refrigeration  Ice            30%        4d14      22%         7
 Discord                  Hex            30%        N/A       85%         8
 Ignition                 Fire           30%        3d10      85%         8


Dungeon Overview and Level Annotations

Branches:
Dungeon (15/15)            Temple (1/1) D:7            Lair (5/5) D:8
  Swamp (1/4) Lair:2       Spider (0/4) Lair:3        Slime (0/5) Lair:4
    Orc (0/2) D:9          Vaults (0/5) D:13         Depths (0/4) D:15
Gauntlet (visited)

Altars:
Ashenzari
Cheibriados
Dithmenos
Elyvilon
Fedhas
Gozag
Hepliaklqana
Kikubaaqudgha
Makhleb
Nemelex Xobeh
Okawaru
Qazlal
Ru
Sif Muna
Trog
Uskayaw
Vehumet
Wu Jian
Xom
Yredelemnul
Zin
The Shining One
Jiyva

Shops:
D:3 *   D:4 ?   D:7 *


Innate Abilities, Weirdness & Mutations

Your life essence is reduced to manifest your ancestor. (-10% HP)
You have very sharp teeth.
Your uncanny sense of smell can sniff out nearby items.
Your experience applies equally to all skills.


Message History

The toxic sludge hits you!
You are poisoned.
You partially resist.
Splash!
You fall into the toxic bog.
Moving in this stuff is going to be slow.
You miss the fenstrider witch.
You fester in the toxic bog!
You partially resist.
You are more poisoned.
You feel very sick. The fenstrider witch hits you.
The fenstrider witch barely misses you.
Your unstable footing causes you to fumble your attack.
You fester in the toxic bog!
You partially resist.
You are more poisoned.
You feel very sick. The fenstrider witch hits you!
The fenstrider witch kicks you but does no damage.
Your unstable footing causes you to fumble your attack.
You feel very sick.
The fenstrider witch completely misses you.
The fenstrider witch kicks you.
You hit the fenstrider witch but do no damage.
The fenstrider witch is poisoned.
You bite the fenstrider witch, but do no damage.
You feel sick.
The fenstrider witch casts a spell at you.
You resist with significant effort.
You slash the fenstrider witch!
The fenstrider witch is lightly wounded.
You feel sick. The fenstrider witch hits you.
* * * LOW HITPOINT WARNING * * *
The fenstrider witch kicks you!
* * * LOW HITPOINT WARNING * * *
The fenstrider witch hits you!
* * * LOW HITPOINT WARNING * * *
The fenstrider witch kicks you but does no damage.
You feel better.
Your animated robe closely misses the fenstrider witch.
Your animated robe hits the fenstrider witch but does no damage.
Decima completely misses the fenstrider witch.
The fenstrider witch hits you!
You die...

§~
♣♣~♣♣♣♣.~♣♣.~~~.♣♣
~
♣~†♣♣♣♣♣÷§♣.....~♣
♣♣≈~>.>~≈♣♣♣♣♣♣~♣♣
♣~.♣♣♣♣♣.~♣ ♣♣♣
♣♣~.♣♣♣♣~♣♣
♣.~..≈~.♣ ♣
♣♣.†.†.♣♣ ..?
♣♣♣♣.♣♣♣.....
♣.[@...~...
~!..~.RH.~..~.~
....♣...~..§..~
...~.....~...♣..
..~~..~.~~....~~
♣..~.....~...~.~
♣♣♣~.♣♣♣§♣.~.♣♣.
♣♣♣ ♣♣♣♣♣♣♣


You could see the friendly Decima the knight, a fenstrider witch (very poisoned,
ally target) and a friendly animated robe (summoned).

Vanquished Creatures
  Mlioglotl (Swamp:1)
  Nessos (D:13)
  An eleionoma (Swamp:1)
  Josephine (D:14)
  A rakshasa (D:15)
  A centaur warrior (D:15)
  A catoblepas (Lair:5)
  13 death yaks
  2 boulder beetles
  2 two-headed ogres (D:13)
  A glowing orange brain (D:15)
  A goliath frog (Swamp:1)
  4 bog bodies (Swamp:1)
  An orc knight (D:15)
  7 ugly things
  A deep elf pyromancer (D:14)
  7 slime creatures
  3 cyclopes
  5 elephants
  A black mamba (Lair:5)
  An apocalypse crab (Gauntlet)
  A smoke demon (Gauntlet)
  An orange demon (Lair:3)
  A gargoyle (D:13)
  2 cane toads (Lair:4)
  Maggie (D:6)
  4 komodo dragons
  6 rime drakes
  An ice devil (D:12)
  A queen bee (Lair:2)
  5 polar bears
  4 trolls
  A bloated husk (Swamp:1)
  2 hornets
  13 blink frogs
  2 raiju (Lair:5)
  A tyrant leech (Swamp:1)
  Sigmund (D:5)
  3 wraiths
  Eustachio (D:4)
  2 vampires
  11 yaks
  8 humans
  5 wyverns
  3 basilisks
  2 steam dragons
  Menkaure (D:4)
  A vampire mosquito (D:13)
  Edmund (D:4)
  3 wargs (Lair:5)
  10 water moccasins
  5 hell hounds (Lair:5)
  Duvessa (D:5)
  4 black bears
  An ice beast (D:8)
  An orc warrior (D:12)
  A sky beast (D:6)
  10 wolves
  4 ogres
  5 centaurs
  3 kobold brigands
  8 bullfrogs
  3 necrophages
  A small abomination (Abyss:2)
  3 wights (D:7)
  Dowan (D:5)
  12 killer bees (Lair:2)
  A nameless horror (Lair:1)
  2 howler monkeys
  A crimson imp (Gauntlet)
  3 jellies
  3 orc priests
  2 hounds (D:5)
  A gnoll bouda (D:6)
  3 orc wizards
  An iguana (D:7)
  2 hell rats (Lair:5)
  7 gnolls (D:6)
  5 adders
  A white imp (D:6)
  An ufetubus (D:4)
  A worm (D:4)
  33 orcs
  12 ball pythons
  5 bats
  2 endoplasms
  2 giant cockroaches
  4 goblins
  4 hobgoblins
  6 jackals
  3 quokkas
  2 frilled lizards
  16 kobolds
  4 rats (D:1)
  A butterfly (D:7)
345 creatures vanquished.

Vanquished Creatures (collateral kills)
  Jorgrun (D:12)
  A ghoul (Swamp:1)
  A starcursed mass (Abyss:2)
  A minotaur (Gauntlet)
  The ghost of Esso the Destroyer, a journeyman HuWn of Ru (Lair:3)
  A green death (Abyss:2)
  Harold (D:9)
  6 hydras
  2 centaur warriors (D:14)
  10 death yaks
  2 tengu warriors (D:15)
  A two-headed ogre (D:8)
  A boulder beetle (D:14)
  A sun demon (Abyss:2)
  Amaemon (Lair:3)
  A goliath frog (Swamp:1)
  5 bog bodies
  2 orc knights
  A glowing orange brain (shapeshifter) (D:15)
  A wizard (D:15)
  A deep elf pyromancer (D:14)
  The ghost of cheesebisquit the Cleaver, a novice MiBe of Trog (D:6)
  6 ugly things
  An orc sorcerer (D:14)
  4 manticores
  A cyclops (D:15)
  A gargoyle (D:10)
  A moth of wrath (Lair:3)
  An apocalypse crab (Abyss:2)
  11 elephants
  4 black mambas
  A torpor snail (Lair:2)
  6 cane toads
  A komodo dragon (Lair:2)
  An ice devil (D:12)
  Psyche (D:9)
  3 rime drakes (Lair:5)
  An efreet (D:14)
  A tengu conjurer (D:15)
  A red devil (Gauntlet)
  2 trolls
  8 polar bears
  10 slime creatures
  A raiju (Lair:5)
  2 blink frogs (Lair:2)
  A hornet (Gauntlet)
  A water elemental (D:14)
  2 wyverns
  22 yaks
  A wraith (D:14)
  8 humans
  2 vampire mosquitoes (D:13)
  5 basilisks
  A steam dragon (D:8)
  A redback (Lair:3)
  3 wargs (Lair:5)
  7 hell hounds (Lair:5)
  2 acid dragons (D:10)
  A water moccasin (shapeshifter) (D:15)
  9 water moccasins
  10 black bears
  2 ogres (D:9)
  5 orc warriors
  An ice beast (D:8)
  19 wolves
  8 centaurs
  2 kobold brigands (D:9)
  2 bullfrogs
  2 necrophages (Swamp:1)
  Blork the orc (D:4)
  7 killer bees (Lair:2)
  2 electric eels
  3 crimson imps (Gauntlet)
  A jelly (Lair:4)
  2 orc priests
  4 orc wizards
  2 hell rats (Lair:5)
  A gnoll (D:9)
  A worm (D:5)
  19 orcs
  An endoplasm (Lair:4)
273 creatures vanquished.

Vanquished Creatures (others)
  A kobold brigand (D:8)
  16 knights
  An ancestor (D:8)
  44 fungi
  111 plants
173 creatures vanquished.

Grand Total: 791 creatures vanquished

Notes
Turn   | Place    | Note
-------+----------+-------------------------------------------
     0 | D:1      | ryw the Gnoll Hedge Wizard began the quest for the Orb.
     0 | D:1      | Reached XP level 1. HP: 13/13 MP: 8/8
   173 | D:1      | Reached XP level 2. HP: 19/19 MP: 8/10
   233 | D:1      | Learned a level 2 spell: Call Imp
  1254 | D:2      | Reached XP level 3. HP: 21/25 MP: 3/11
  1701 | D:2      | Learned a level 3 spell: Mephitic Cloud
  1888 | D:3      | Reached skill level 1 in Invocations
  1912 | D:3      | Reached skill level 1 in Fighting
  1912 | D:3      | Reached skill level 1 in Short Blades
  1912 | D:3      | Reached skill level 1 in Long Blades
  1912 | D:3      | Reached skill level 1 in Axes
  1912 | D:3      | Reached skill level 1 in Maces & Flails
  1912 | D:3      | Reached skill level 1 in Polearms
  1912 | D:3      | Reached skill level 1 in Staves
  1912 | D:3      | Reached skill level 1 in Ranged Weapons
  1912 | D:3      | Reached skill level 1 in Throwing
  1912 | D:3      | Reached skill level 1 in Armour
  1912 | D:3      | Reached skill level 1 in Shields
  1912 | D:3      | Reached skill level 1 in Unarmed Combat
  1912 | D:3      | Reached skill level 1 in Evocations
  2050 | D:3      | Found Sicroc's Assorted Antiques.
  2204 | D:3      | Reached XP level 4. HP: 32/32 MP: 0/13
  2395 | D:3      | Learned a level 2 spell: Blink
  2399 | D:3      | Learned a level 3 spell: Ignite Poison
  2559 | D:3      | Found a blossoming altar of Fedhas.
  2578 | D:3      | Found an ornate altar of the Wu Jian Council.
  2578 | D:3      | Found a basalt altar of Yredelemnul.
  2658 | D:4      | Noticed Eustachio
  2690 | D:4      | Reached skill level 1 in Hexes
  2690 | D:4      | Reached skill level 1 in Necromancy
  2690 | D:4      | Reached skill level 1 in Transmutations
  2690 | D:4      | Reached skill level 1 in Fire Magic
  2690 | D:4      | Reached skill level 1 in Ice Magic
  2690 | D:4      | Reached skill level 1 in Air Magic
  2690 | D:4      | Reached skill level 1 in Earth Magic
  2690 | D:4      | Reached skill level 1 in Poison Magic
  2801 | D:4      | Noticed Blork the orc
  2926 | D:4      | Killed Blork the orc
  2927 | D:4      | Reached XP level 5. HP: 25/37 MP: 5/14
  3072 | D:4      | Noticed an ogre
  3263 | D:4      | Killed an ogre
  3264 | D:4      | Reached XP level 6. HP: 44/44 MP: 3/16
  3404 | D:4      | Found Ahykh's Magic Scroll Shop.
  3491 | D:4      | Reached skill level 5 in Dodging
  4009 | D:4      | Noticed Menkaure
  4140 | D:4      | Noticed Edmund
  4141 | D:4      | Killed Menkaure
  4165 | D:4      | Killed Edmund
  4166 | D:4      | Reached XP level 7. HP: 51/51 MP: 3/18
  4177 | D:5      | Entered Level 5 of the Dungeon
  4417 | D:4      | Killed Eustachio
  4418 | D:4      | Reached skill level 5 in Stealth
  4563 | D:4      | Identified the ring "Jiofra" {rPois rC- Dex+4}
  4888 | D:5      | Reached XP level 8. HP: 43/58 MP: 6/19
  5498 | D:5      | Found a glowing silver altar of Zin.
  5499 | D:5      | Found a white marble altar of Elyvilon.
  5499 | D:5      | Noticed Sigmund
  5502 | D:5      | Found a glowing golden altar of the Shining One.
  5507 | D:5      | Killed Sigmund
  5508 | D:5      | Reached skill level 8 in Spellcasting
  5588 | D:5      | Noticed Duvessa
  5590 | D:5      | Noticed Dowan
  5773 | D:5      | Killed Duvessa
  5948 | D:5      | Killed Dowan
  6848 | D:6      | Noticed Maggie
  6996 | D:6      | Identified the +1 plate armour of the Stallion {rCorr Int-3
                  | Dex+10}
  7005 | D:6      | Found a runed translucent gate.
  7005 | D:6      | Found a runed translucent gate.
  7005 | D:6      | Found a runed translucent gate.
  7014 | D:6      | Noticed cheesebisquit's ghost (novice MiBe)
  7037 | D:6      | Reached XP level 9. HP: 65/65 MP: 0/21
  7435 | D:6      | Killed Maggie
  7477 | D:6      | Identified the +0 ring mail of Agoraphobia {rPois}
  8355 | D:7      | Found a staircase to the Ecumenical Temple.
  8368 | Temple   | Entered the Ecumenical Temple
  8576 | Temple   | Became a worshipper of Ru the Awakened
  8628 | Temple   | Fell from the grace of Ru
  8649 | Temple   | Became a worshipper of Hepliaklqana the Forgotten
  8775 | D:7      | Found an opulent altar of Gozag.
  8787 | D:7      | Reached skill level 5 in Invocations
  8995 | D:7      | Found Gozag's Platinum Reserve.
  9365 | D:7      | Learned a level 4 spell: Animate Armour
  9772 | D:8      | Reached * piety under Hepliaklqana
  9921 | D:8      | Noticed a two-headed ogre
  9934 | D:8      | Killed a two-headed ogre
  9935 | D:8      | Reached skill level 5 in Fighting
  9935 | D:8      | Reached skill level 5 in Short Blades
  9935 | D:8      | Reached skill level 5 in Long Blades
  9935 | D:8      | Reached skill level 5 in Axes
  9935 | D:8      | Reached skill level 5 in Maces & Flails
  9935 | D:8      | Reached skill level 5 in Polearms
  9935 | D:8      | Reached skill level 5 in Staves
  9935 | D:8      | Reached skill level 5 in Ranged Weapons
  9935 | D:8      | Reached skill level 5 in Throwing
  9935 | D:8      | Reached skill level 5 in Armour
  9935 | D:8      | Reached skill level 5 in Shields
  9935 | D:8      | Reached skill level 5 in Unarmed Combat
  9935 | D:8      | Reached skill level 5 in Evocations
  9935 | D:8      | Reached XP level 10. HP: 45/66 MP: 16/22
 10219 | D:8      | Found a staircase to the Lair.
 10515 | D:8      | Reached skill level 9 in Spellcasting
 10934 | Lair:1   | Entered Level 1 of the Lair of Beasts
 10987 | D:8      | Reached skill level 5 in Conjurations
 10987 | D:8      | Reached skill level 5 in Summonings
 10987 | D:8      | Reached skill level 5 in Translocations
 11293 | Lair:1   | Reached ** piety under Hepliaklqana
 11299 | Lair:1   | Remembered your ancestor Decima as a knight
 11363 | Lair:1   | Noticed a cane toad
 11467 | Lair:1   | Noticed a cane toad
 11480 | Lair:1   | Killed a cane toad
 11485 | Lair:1   | Noticed a cane toad
 11709 | Lair:1   | Noticed a cane toad
 11712 | Lair:1   | Reached skill level 5 in Hexes
 11712 | Lair:1   | Reached skill level 5 in Necromancy
 11712 | Lair:1   | Reached skill level 5 in Transmutations
 11712 | Lair:1   | Reached skill level 5 in Fire Magic
 11712 | Lair:1   | Reached skill level 5 in Ice Magic
 11712 | Lair:1   | Reached skill level 5 in Air Magic
 11712 | Lair:1   | Reached skill level 5 in Earth Magic
 11712 | Lair:1   | Reached skill level 5 in Poison Magic
 11712 | Lair:1   | Reached XP level 11. HP: 72/72 MP: 20/24
 12420 | Lair:2   | Found a staircase to the Swamp.
 12420 | Lair:2   | Noticed a bog body
 12429 | Lair:2   | Killed a bog body
 12560 | Lair:2   | Noticed a death yak
 12560 | Lair:2   | Noticed a death yak
 12571 | Lair:2   | Noticed a death yak
 12578 | Lair:2   | Noticed a death yak
 12578 | Lair:2   | Noticed a death yak
 12586 | Lair:2   | Killed a death yak
 12590 | Lair:2   | Killed a death yak
 12591 | Lair:2   | Reached skill level 10 in Spellcasting
 12611 | Lair:2   | Killed a death yak
 12628 | Lair:1   | Killed a death yak
 12753 | Lair:2   | Killed a death yak
 12754 | Lair:2   | Reached XP level 12. HP: 64/81 MP: 22/26
 12885 | Lair:2   | Noticed an eight-headed hydra
 13242 | Lair:2   | Noticed a death yak
 13243 | Lair:2   | Noticed a death yak
 13256 | Lair:2   | Killed a death yak
 13271 | Lair:2   | Reached *** piety under Hepliaklqana
 13741 | Lair:2   | Killed a death yak
 13811 | Lair:2   | Killed a ten-headed hydra
 13963 | Lair:2   | Noticed a boulder beetle
 14004 | Lair:2   | Killed a boulder beetle
 14545 | Lair:3   | Noticed Esso's ghost (journeyman HuWn)
 14711 | Lair:3   | Found a transporter.
 14721 | Lair:3   | Learned a level 6 spell: Iron Shot
 14758 | Lair:3   | Found a transporter.
 14797 | Lair:3   | Killed Esso's ghost
 14801 | Lair:3   | Identified the +2 helmet of the Tanner {rC+}
 14879 | Lair:3   | Noticed Amaemon
 14906 | Lair:3   | Killed Amaemon
 14907 | Lair:3   | Reached XP level 13. HP: 72/88 MP: 19/27
 15449 | Lair:3   | Found a hole to the Spider Nest.
 15625 | Lair:3   | Reached skill level 11 in Spellcasting
 15768 | Lair:4   | Reached **** piety under Hepliaklqana
 16075 | Lair:4   | Found a gate leading to a gauntlet.
 16084 | Gauntlet | Entered a Gauntlet
 16084 | Gauntlet | Found a transporter.
 16084 | Gauntlet | Found a transporter.
 16084 | Gauntlet | Found a transporter.
 16104 | Gauntlet | Found a transporter.
 16118 | Gauntlet | Found a transporter.
 16120 | Gauntlet | Found a transporter.
 16138 | Gauntlet | Found a transporter.
 16392 | Gauntlet | Identified the ring of Otaruming {rElec MP+9 Slay+2}
 16433 | Gauntlet | Found a transporter.
 16446 | Gauntlet | Noticed a minotaur
 16543 | Gauntlet | Killed a minotaur
 17392 | Lair:4   | Found a runed translucent door.
 17393 | Lair:4   | Found a viscous altar of Jiyva.
 17395 | Lair:4   | Found a staircase to the Slime Pits.
 17528 | Lair:5   | Entered Level 5 of the Lair of Beasts
 17579 | Lair:4   | Reached skill level 10 in Dodging
 18526 | Lair:5   | Reached skill level 10 in Stealth
 18735 | Lair:5   | Reached XP level 14. HP: 97/97 MP: 25/29
 18789 | Lair:5   | Reached skill level 10 in Invocations
 20021 | Lair:5   | Reached skill level 12 in Spellcasting
 20326 | Lair:5   | Reached ***** piety under Hepliaklqana
 20941 | Lair:5   | Reached skill level 10 in Fighting
 20941 | Lair:5   | Reached skill level 10 in Short Blades
 20941 | Lair:5   | Reached skill level 10 in Long Blades
 20941 | Lair:5   | Reached skill level 10 in Axes
 20941 | Lair:5   | Reached skill level 10 in Maces & Flails
 20941 | Lair:5   | Reached skill level 10 in Polearms
 20941 | Lair:5   | Reached skill level 10 in Staves
 20941 | Lair:5   | Reached skill level 10 in Ranged Weapons
 20941 | Lair:5   | Reached skill level 10 in Throwing
 20941 | Lair:5   | Reached skill level 10 in Armour
 20941 | Lair:5   | Reached skill level 10 in Shields
 20941 | Lair:5   | Reached skill level 10 in Unarmed Combat
 20941 | Lair:5   | Reached skill level 10 in Evocations
 21531 | D:9      | Found a staircase to the Orcish Mines.
 21565 | D:9      | Reached XP level 15. HP: 86/103 MP: 25/31
 21776 | D:9      | Noticed Psyche
 21779 | D:9      | Killed Psyche
 21989 | D:9      | Noticed Harold
 21999 | D:9      | Killed Harold
 22572 | D:10     | Entered Level 10 of the Dungeon
 23475 | D:11     | You fall into a shaft and drop 1 floor!
 24061 | D:11     | Reached ****** piety under Hepliaklqana
 24674 | D:12     | Noticed Jorgrun
 24682 | D:12     | Killed Jorgrun
 25347 | D:13     | Noticed Nessos
 25347 | D:13     | Found a gate to the Vaults.
 25353 | D:13     | Killed Nessos
 26117 | D:13     | Identified the +1 cloak of Unbearable Beauty {-Tele rC++
                  | Str+7}
 26122 | D:13     | Found a stormy altar of Qazlal.
 26456 | D:14     | Noticed Josephine
 26486 | D:14     | Killed Josephine
 28061 | D:15     | Entered Level 15 of the Dungeon
 28490 | Abyss:2  | Cast into level 2 of the Abyss (a wizard)
 28587 | Abyss:2  | Reached XP level 16. HP: 71/111 MP: 24/32
 28623 | D:15     | Escaped the Abyss
 28850 | D:15     | Identified the +2 robe "Zapryj" {rElec Will+}
 28891 | D:15     | Found a burning altar of Makhleb.
 29107 | D:15     | Identified the +3 scimitar "Vaonam" {vorpal, Will+ Dex+2}
 29174 | D:15     | Reached skill level 13 in Spellcasting
 29368 | D:15     | Found a staircase to the Depths.
 29737 | Swamp:1  | Entered Level 1 of the Swamp
 29737 | Swamp:1  | Noticed Mlioglotl
 29851 | D:6      | Killed cheesebisquit's ghost
 30021 | Swamp:1  | Noticed a tentacled starspawn
 30024 | Swamp:1  | Killed Mlioglotl
 31273 | Swamp:1  | Noticed a fenstrider witch
 31319 | Swamp:1  | HP: 3/112 [fenstrider witch (17)]
 31320 | Swamp:1  | Mangled by a fenstrider witch

Illustrated notes

Levels and vault maps discovered:
D:1:      dpeg_arrival_tiny_k, layout_basic, serial_bayou_pond_c
D:2:      layout_loops_corners
D:3:      layout_rooms, nicolae_overflow_hidden_temple, serial_shops,
          shop_fountains
D:4:      layout_loops_ring, serial_shops, shop, uniq_eustachio, uniq_edmund,
          uniq_blork_the_orc, uniq_menkaure
D:5:      layout_basic, good_gods_temple_1, uniq_duvessa, uniq_sigmund
D:6:      layout_rooms, biasface_ghost_orc_armoury, uniq_maggie
D:7:      layout_basic, nicolae_gozag_zags_fifth_avenue,
          minmay_temple_entry_butterflies, serial_aquarium,
          aquarium_bridge_square [aquarium_subvault_window,
          aquarium_subvault_window, aquarium_subvault_wall,
          aquarium_subvault_bridge], aquarium_bridge_long_separate
          [aquarium_subvault_window, aquarium_subvault_bridge,
          aquarium_subvault_wall, aquarium_subvault_bridge,
          aquarium_subvault_bridge, aquarium_subvault_wall],
          aquarium_window_corridor_1, aquarium_window_2, aquarium_view_2c,
          aquarium_balcony_1b, aquarium_pool_side, minmay_misc_feat_nine_boxes
D:8:      layout_basic, dpeg_oklobed_lair
D:9:      layout_loops_corners, kennysheep_orc_monster_closet_entryway,
          uniq_harold, uniq_psyche
D:10:     layout_basic
D:11:     layout_irregular_city
D:12:     layout_small_grid, portal_ice_cave_demonic_guard, uniq_jorgrun
D:13:     layout_cave_pools, david_vaults_3, nicolae_qazlal_general_emergency
D:14:     layout_rooms, nicolae_elevator_lobby_asterisk, minivault_1,
          grunt_ministairs_6, serial_bayou_lagoon_a, serial_park_tiny_pond,
          minmay_misc_feat_enclosed, uniq_josephine
D:15:     gammafunk_enter_depths_forms, layout_cave_pools, basic_altar,
          chequers_arboretum
Temple:   regret_index_temple_generic_petals
Lair:1:   layout_regular_city, serial_bayou, serial_bayou_shore_a,
          serial_bayou_pond_e, serial_bayou_ford_a, serial_bayou_lake_a,
          minivault_24, cheibrodos_lair_lostbears
Lair:2:   layout_roguey, skrybe_swamp_entry_bodies, special_room
          [special_room_bee]
Lair:3:   layout_regular_city, spider_nest_entry_webs,
          gammafunk_ghost_berserking_beasts, kennysheep_basilisk_garden,
          uniq_amaemon
Lair:4:   layout_regular_city, slime_entry_2, gauntlet_entry_generic,
          infiniplex_staircase_pool
Lair:5:   hangedman_lair_caniforms_friends, layout_gridlike, special_room
          [special_room_mythical_zoo]
Swamp:1:  nicolae_swamp_wrong_neighborhood, layout_basic_swamp,
          hangedman_swamp_ruin_wall, swamp_pool5, hangedman_swamp_ravenous,
          uniq_mlioglotl

Skill      XL: |  1  2  3  4  5  6  7  8  9 10 11 12 13 14 15 16 |
---------------+-------------------------------------------------+-----
Conjurations   | 2 3 4 5 6 7 8 9 |  9.7
Summonings     | 2 3 4 5 6 7 8 9 |  9.7
Translocations | 2 3 4 5 6 7 8 9 |  9.7
Invocations    | 1 2 3 4 5 6 7 8 9 10 11 12 | 12.2
Fighting       | 1 2 3 5 6 7 8 9 10 11 | 11.2
Short Blades   | 1 2 3 5 6 7 8 9 10 11 | 11.2
Long Blades    | 1 2 3 5 6 7 8 9 10 11 | 11.2
Axes           | 1 2 3 5 6 7 8 9 10 11 | 11.2
Maces & Flails | 1 2 3 5 6 7 8 9 10 11 | 11.2
Polearms       | 1 2 3 5 6 7 8 9 10 11 | 11.2
Staves         | 1 2 3 5 6 7 8 9 10 11 | 11.2
Ranged Weapons | 1 2 3 5 6 7 8 9 10 11 | 11.2
Throwing       | 1 2 3 5 6 7 8 9 10 11 | 11.2
Armour         | 1 2 3 5 6 7 8 9 10 11 | 11.2
Shields        | 1 2 3 5 6 7 8 9 10 11 | 11.2
Unarmed Combat | 1 2 3 5 6 7 8 9 10 11 | 11.2
Evocations     | 1 2 3 5 6 7 8 9 10 11 | 11.2
Hexes          | 1 2 3 4 5 6 7 8 9 |  9.5
Necromancy     | 1 2 3 4 5 6 7 8 9 |  9.5
Transmutations | 1 2 3 4 5 6 7 8 9 |  9.5
Fire Magic     | 1 2 3 4 5 6 7 8 9 |  9.5
Ice Magic      | 1 2 3 4 5 6 7 8 9 |  9.5
Air Magic      | 1 2 3 4 5 6 7 8 9 |  9.5
Earth Magic    | 1 2 3 4 5 6 7 8 9 |  9.5
Poison Magic   | 1 2 3 4 5 6 7 8 9 |  9.5
Dodging        | 5 6 7 8 9 10 11 12 | 12.1
Stealth        | 5 6 7 8 9 10 11 12 | 12.0
Spellcasting   | 8 9 10 11 12 13 | 13.2

Action                   |  1- 3 |  4- 6 |  7- 9 | 10-12 | 13-15 | 16-18 || total
-------------------------+-------+-------+-------+-------+-------+-------++-------
Melee: Broad axe         |    20 |    53 |     9 |       |       |       ||    82
       Bite              |     3 |     3 |     3 |    15 |    66 |     8 ||    98
       Halberd           |       |       |    44 |   269 |   676 |   137 ||  1126
 Cast: Magic Dart        |    76 |    63 |    50 |       |       |       ||   189
       Mephitic Cloud    |     3 |    10 |    60 |     6 |     7 |       ||    86
       Ignite Poison     |       |     7 |    47 |     8 |     6 |       ||    68
       Call Imp          |       |     3 |     1 |       |     1 |       ||     5
       Blink             |       |     1 |     2 |     4 |     3 |       ||    10
       Animate Armour    |       |       |     5 |    59 |   146 |    22 ||   232
       Iron Shot         |       |       |       |       |    16 |     5 ||    21
Invok: Ancestor Identity |       |       |     1 |       |       |       ||     1
       Renounce Religion |       |       |     1 |       |       |       ||     1
       Ancestor Life: Kn |       |       |       |     1 |       |       ||     1
       Recall Ancestor   |       |       |       |       |     6 |     1 ||     7
  Use: Potion            |       |     1 |       |     1 |     2 |     2 ||     6
       Scroll            |       |       |    17 |     6 |    12 |       ||    35
 Stab: Confused          |       |       |     2 |     1 |       |       ||     3
       Distracted        |       |       |       |     6 |    14 |     1 ||    21
       Sleeping          |       |       |       |     1 |     9 |       ||    10
Armor: Robe              |    26 |    29 |     9 |       |       |    17 ||    81
       Acid dragon scale |       |       |     6 |    90 |   216 |     5 ||   317
Dodge: Dodged            |    48 |    45 |    35 |   157 |   384 |    54 ||   723
Block: Other             |       |       |     5 |    73 |   121 |    18 ||   217
       Reflection        |       |       |     2 |       |     7 |       ||     9

Table legend: (Time is in decaauts)
 A = Elapsed time spent in this place.
 B = Non-inter-level travel time spent in this place.
 C = Inter-level travel time spent in this place.
 D = Time resting spent in this place.
 E = Time spent auto-exploring this place.
 F = Levels seen in this place.
 G = Mean time per level.
                   A        B        C        D        E       F      G
               +--------+--------+--------+--------+--------+-----+--------+
         Total |  31581 |  29892 |   1689 |   8035 |  16283 |  24 | 1315.9 |
       Dungeon |  19421 |  18349 |   1072 |   4052 |  11674 |  15 | 1294.7 |
        Temple |    318 |    200 |    118 |      0 |    187 |   1 |  318.0 |
          Lair |  10654 |  10157 |    497 |   3705 |   4139 |   5 | 2130.8 |
         Swamp |    461 |    461 |      0 |    151 |     87 |   1 |  461.0 |
         Abyss |    132 |    132 |      0 |     25 |      1 |   1 |  132.0 |
      Gauntlet |    593 |    593 |      0 |    102 |    193 |   1 |  593.0 |
               +--------+--------+--------+--------+--------+-----+--------+

Top non-repeatable levels by time:
  Lair:2: 2554 daAuts
  Lair:5: 2464 daAuts
     D:4: 2219 daAuts
  Lair:1: 2125 daAuts
     D:5: 2086 daAuts
  Lair:4: 1993 daAuts
     D:8: 1774 daAuts
    D:12: 1648 daAuts
  Lair:3: 1517 daAuts
    D:15: 1391 daAuts
    D:14: 1378 daAuts
     D:7: 1360 daAuts
     D:9: 1197 daAuts
     D:6: 1078 daAuts
     D:2: 999 daAuts
